Map: Interloper LE

Players

irlegency

  • Race: Zerg Zerg
  • League: Silver
  • Spawn Location: 11:00

Yata - Winner!

  • Race: Zerg Zerg
  • League: Silver
  • Spawn Location: 5:00

VOD

Have the link to the VOD?

Description

Time

  • Played on: Aug. 16, 2017, 9:32 p.m.
  • Length: 4:32
Show
View Real Time Build Order
Export as new Build Order

irlegency Zerg 

Build Orders: Pool First 

Get SALT Encoding   

  12  0:05  Drone  
  13  0:17  Overlord, Drone  
  14  0:35  Spawning Pool  
  13  0:39  Drone  
  14  0:46  Drone  
  15  0:54  Drone  
  15  0:55  Drone  
  17  1:04  Extractor  
  17  1:06  Drone  
  17  1:11  Extractor  
  16  1:22  Drone  
  17  1:40  Hatchery  
  17  1:45  Drone x2  
  17  1:46  Drone  
  19  1:48  Queen  
  21  2:05  Drone  
  22  2:23  Overlord  
  22  2:25  Overlord  
  22  2:29  Metabolic Boost  
  22  3:01  Drone  
  22  3:02  Drone x3  
  25  3:25  Zergling x4  
  9  3:56  Zergling x10  
  14  4:03  Drone  
Show
View Real Time Build Order
Export as new Build Order

Yata Zerg - Winner!

Build Orders: Hatch First 

Get SALT Encoding   

  12  0:01  Drone  
  13  0:12  Overlord  
  13  0:19  Drone  
  14  0:34  Drone x2  
  16  0:38  Drone  
  17  0:47  Drone  
  18  0:59  Hatchery  
  17  1:04  Extractor  
  17  1:05  Drone  
  17  1:20  Spawning Pool  
  17  1:21  Drone  
  17  1:22  Drone  
  18  1:28  Drone  
  19  1:39  Overlord  
  19  1:53  Drone  
  20  2:03  Drone  
  21  2:10  Queen  
  21  2:12  Queen  
  21  2:14  Zergling x4  
  27  2:17  Metabolic Boost  
  27  2:23  Drone  
  28  2:33  Drone x3  
  31  2:46  Drone x2  
  33  2:58  Queen  
  33  3:02  Baneling Nest  
  33  3:03  Extractor  
  33  3:04  Drone x2  
  35  3:07  Overlord x2  
  35  3:29  Zergling x8  
  35  3:30  Zergling x8  
  41  4:02  Drone x2  
  43  4:11  Overlord x3  
Tags
 
Matchup
ZvZ
Race
Zerg
Replay Pack
Pack 1
Spawn Locations
Cross Positions
Add a new tag
Caveats
  • Supply blocks, unpowered buildings, or Contaminate may cause inaccurate times.
  • Supply counts are checked every 10 seconds.